Map: Temple gelé

Players

zidar - Winner!

  • Race: Zerg Zerg
  • League: Platinum
  • Spawn Location: 11:00

Darius

  • Race: Terran Terran
  • Spawn Location: 5:00

VOD

Have the link to the VOD?

Description

Time

  • Played on: Nov. 2, 2016, 5:24 a.m.
  • Length: 11:09
Show
View Real Time Build Order
Export as new Build Order

zidar Zerg - Winner!

Build Orders: Hatch First 

Get SALT Encoding   

  12  0:01  Drone  
  13  0:12  Overlord  
  13  0:17  Drone  
  14  0:31  Drone x2  
  16  0:52  Hatchery  
  16  0:55  Drone  
  16  0:59  Extractor  
  16  1:00  Drone  
  16  1:19  Spawning Pool  
  15  1:38  Drone x3  
  18  2:05  Metabolic Boost  
  18  2:06  Queen  
  18  2:08  Queen  
  20  2:11  Zergling x2  
  23  2:19  Zergling x2  
  23  2:20  Zergling x2  
  23  2:21  Zergling x2  
  26  2:24  Zergling x2  
  26  2:40  Baneling Nest  
  25  2:52  Overlord  
  25  2:53  Overlord  
  25  3:01  Zergling x2  
  25  3:02  Zergling x4  
  27  3:16  Zergling x2  
  27  3:17  Zergling x6  
  31  3:30  Baneling x3  
  31  3:31  Baneling x2  
  31  3:33  Baneling  
  31  3:37  Zergling x4  
  32  3:50  Zergling x6  
  25  4:20  Roach Warren  
  21  4:32  Drone x3  
  22  4:44  Extractor  
  21  4:45  Drone x4  
  21  4:46  Drone x2  
  21  4:52  Drone  
  28  4:54  Drone  
  29  5:04  Drone  
  29  5:05  Drone x2  
  32  5:16  Roach x2  
  36  5:35  Roach x4  
  44  5:38  Overlord  
  44  5:39  Overlord  
  44  5:56  Overlord x2  
  44  6:02  Roach  
  44  6:03  Roach x3  
  52  6:16  Lair  
  52  6:20  Ravager x2  
  52  6:22  Ravager x2  
  56  6:27  Roach x2  
  56  6:28  Zergling x2  
  56  6:29  Zergling x2  
  56  6:31  Zergling x2  
  56  6:32  Zergling x2  
  64  6:42  Drone x4  
  64  6:45  Extractor  
  68  6:47  Ravager  
  68  6:51  Overlord  
  68  7:04  Overlord x2  
  68  7:13  Roach x2  
  68  7:14  Roach x2  
  76  7:18  Glial Reconstitution  
  76  7:27  Roach x2  
  80  7:45  Roach x5  
  90  7:53  Zergling x4  
  90  7:57  Overlord  
  92  7:59  Overlord  
  92  8:17  Ravager x2  
  94  8:30  Drone x5  
  99  8:39  Hatchery  
  98  8:46  Roach x3  
  104  8:49  Overlord  
  48  9:24  Roach x5  
  48  9:25  Roach x2  
  59  9:44  Roach x4  
  67  9:46  Ravager x5  
  67  9:47  Ravager  
  67  9:52  Roach x3  
  79  10:02  Roach  
  79  10:05  Roach x4  
  89  10:21  Roach x4  
  97  10:31  Roach x3  
Show
View Real Time Build Order
Export as new Build Order

Darius Terran 

Build Orders:  

Get SALT Encoding   

  12  0:04  SCV  
  13  0:16  SCV  
  14  0:27  Supply Depot  
  14  0:28  SCV  
  15  0:49  SCV  
  16  0:51  Barracks  
  16  0:53  Barracks  
  16  1:04  SCV  
  17  1:13  Refinery  
  17  1:16  SCV  
  18  1:38  Orbital Command  
  18  1:41  Marine  
  18  1:42  Marine  
  20  1:59  Marine  
  20  2:00  Marine  
  22  2:07  Supply Depot  
  22  2:13  SCV  
  23  2:28  Marine x2, SCV  
  26  2:31  Supply Depot  
  26  2:42  SCV  
  27  2:46  Marine  
  27  2:48  Marine  
  29  2:59  Supply Depot  
  29  3:04  Marine  
  30  3:05  Refinery  
  30  3:06  Marine  
  31  3:22  Barracks Reactor  
  31  3:24  Barracks Tech Lab  
  31  3:29  Engineering Bay  
  31  3:54  Bunker  
  31  4:00  Factory  
  31  4:18  Bunker  
  31  4:22  Marine x2  
  33  4:24  Marauder  
  35  4:39  Supply Depot  
  35  4:54  Command Center  
  35  4:58  Factory Tech Lab  
  35  4:59  Supply Depot  
  35  5:01  Marine x2, Marauder  
  35  5:03  Terran Infantry Weapons Level 1  
  35  5:04  Armory  
  39  5:09  Missile Turret  
  39  5:12  Stimpack  
  39  5:21  Marine x2  
  41  5:35  SCV  
  42  5:36  Siege Tank  
  42  5:41  Marauder  
  47  6:06  Marauder, SCV  
  50  6:18  SCV x2  
  52  6:23  Siege Tank  
  55  6:30  SCV x2  
  57  6:39  Terran Vehicle Weapons Level 1  
  57  6:42  SCV x2  
  59  6:54  SCV x2  
  61  7:06  Command Center, SCV  
  62  7:15  Orbital Command  
  62  7:19  Supply Depot  
  62  7:23  Terran Infantry Armor Level 1  
  62  7:41  Marauder  
  62  7:44  Supply Depot  
  64  7:55  SCV  
  64  7:58  SCV  
  66  8:02  Marauder  
  66  8:03  Hellion  
  70  8:08  SCV  
  70  8:10  SCV  
  70  8:12  Starport  
  72  8:20  SCV  
  72  8:21  SCV  
  72  8:22  SCV  
  72  8:24  Marauder, Hellion  
  79  8:32  SCV  
  79  8:33  SCV  
  82  8:34  SCV  
  82  8:44  SCV  
  82  8:45  Combat Shield, Marauder  
  82  8:46  SCV x2  
  87  8:49  Terran Vehicle And Ship Armor Level 1  
  87  8:55  Refinery  
  87  8:56  SCV  
  87  8:57  Refinery  
  87  8:58  SCV x2  
  88  9:06  Marauder  
  88  9:07  Marine x2  
  88  9:08  SCV  
  76  9:10  SCV x2  
  68  9:18  Siege Tank  
  62  9:25  Marine x2  
  62  9:27  Marine  
  65  9:42  Marine  
  65  9:43  Marine  
  65  9:45  Marine  
  67  9:49  Medivac  
  70  9:58  Bunker  
  70  10:00  Marine x2, Missile Turret  
  70  10:03  Marine, Siege Tank  
  76  10:14  Refinery  
  76  10:15  Orbital Command  
  76  10:17  Refinery  
  76  10:21  Marine  
  68  10:46  Marauder  
  68  10:47  Marine x2  
Tags
 
League
Platinum
Matchup
TvZ
Spawn Locations
Cross Positions
Add a new tag
Caveats
  • Supply blocks, unpowered buildings, or Contaminate may cause inaccurate times.
  • Supply counts are checked every 10 seconds.